 Dungeon Crawl Stone Soup version 0.27.0-1-g7a089689b8 (webtiles) character file.

Game seed: 6008681656929298817

13237 snetch the Basher (level 11, -3/148 HPs)
             Began as a Minotaur Berserker on Aug 5, 2021.
             Was a High Priest of Trog.
             Slain by an orc warrior (12 damage)
             ... on level 11 of the Dungeon on Aug 6, 2021.
             The game lasted 00:28:46 (13623 turns).

snetch the Basher (Minotaur Berserker)             Turns: 13623, Time: 00:28:47

Health: -3/148     AC: 29    Str: 25    XL:     11   Next: 72%
Magic:  10/10      EV:  6    Int:  4    God:    Trog [*****.]
Gold:   754        SH:  3    Dex: 10    Spells: 10/10 levels left

rFire    . . .     SeeInvis .   a - +3 eveningstar (drain)
rCold    + . .     Faith    .   P - +0 buckler
rNeg     . . .     Spirit   .   r - +2 crystal plate armour
rPois    .         Reflect  .   (helmet restricted)
rElec    .         Harm     .   Q - +1 cloak
rCorr    .         Rampage  .   W - +0 pair of gloves
Will     +....                  y - +1 pair of boots
Stlth    ..........             (no amulet)
HPRegen  0.34/turn              w - ring of willpower
MPRegen  0.12/turn              J - ring of protection from cold

@: berserking, slowed, studying Dodging
A: horns 2, retaliatory headbutt
a: Renounce Religion, Berserk, Trog's Hand, Brothers in Arms


You were on level 11 of the Dungeon.
You worshipped Trog.
Trog was extremely pleased with you.
You visited 2 branches of the dungeon, and saw 12 of its levels.
You also visited: Ossuary and Bailey.

You collected 754 gold pieces.

Inventory:

Hand Weapons
 a - a +3 eveningstar of draining (weapon)
 b - a +1 hand axe of freezing
 c - a +0 trident
 d - the +6 mace "Imarask" {venom, rC+ Str+4}
   (You found it on level 7 of the Dungeon)

   It poisons the flesh of those it strikes.
   Str:       It affects your strength (+4).
   rC:        It protects you from cold.
 v - a +5 antimagic great mace
 I - a +1 glaive
Missiles
 i - 5 curare-tipped darts
 o - 275 stones (quivered)
 p - 5 javelins
 A - 2 throwing nets
 D - 147 arrows
 E - 45 poisoned darts
 H - 7 boomerangs
 S - 187 bolts
 X - 51 sling bullets
 Y - 5 boomerangs of dispersal
 Z - 3 atropa-tipped darts
Armour
 r - a +2 crystal plate armour (worn)
 y - a +1 pair of boots (worn)
 P - a +0 buckler (worn)
 Q - a +1 cloak (worn)
 W - a +0 pair of gloves (worn)
Jewellery
 t - a ring of fire
 w - a ring of willpower (left hand)
 J - a ring of protection from cold (right hand)
 O - a ring of positive energy
 U - a ring of ice
Wands
 N - a wand of flame (11)
 T - a wand of paralysis (7)
Scrolls
 f - 4 scrolls of magic mapping {unknown}
 h - 5 scrolls of enchant armour {unknown}
 j - 2 scrolls of amnesia {unknown}
 k - a scroll of holy word {unknown}
 l - a scroll of vulnerability {unknown}
 q - a scroll of summoning {unknown}
 u - 5 scrolls of fog {unknown}
 z - 2 scrolls of enchant weapon {unknown}
 B - a scroll of teleportation {unknown}
 F - 4 scrolls of identify {unknown}
 G - 3 scrolls of noise {unknown}
 K - a scroll of immolation {unknown}
 L - 3 scrolls of blinking {unknown}
 M - a scroll of acquirement {unknown}
Potions
 e - 5 potions of heal wounds {unknown}
 g - 3 potions of degeneration {unknown}
 m - 2 potions of cancellation {unknown}
 n - a potion of flight {unknown}
 s - 6 potions of brilliance {unknown}
 x - 6 potions of curing {unknown}
 C - a potion of berserk rage {unknown}
 R - a potion of resistance


   Skills:
 + Level 9.9 Fighting
 + Level 8.6(11.6) Axes
 + Level 11.8(12.8) Maces & Flails
 + Level 4.2(6.9) Polearms
 + Level 4.4 Throwing
 + Level 10.8 Armour
 + Level 9.4 Dodging
 + Level 2.4 Stealth


You had 10 spell levels left.
You didn't know any spells.
Your spell library contained the following spells:

 Spells                   Type           Power      Damage    Failure   Level
 Corpse Rot               Necr/Air       N/A        N/A       100%        2
 Slow                     Hex            0%         N/A       100%        2
 Confusing Touch          Hex            0%         N/A       100%        3
 Vampiric Draining        Necr           0%         2d6       100%        3
 Dispel Undead            Necr           0%         3d6       100%        4
 Death Channel            Necr           0%         N/A       100%        6


Dungeon Overview and Level Annotations

Branches:
Dungeon (11/15)            Temple (1/1) D:7            Lair (0/6) D:8
Ossuary (visited)          Bailey (visited)
    Orc: D:9-12

Altars:
Ashenzari
Cheibriados
Dithmenos
Elyvilon
Fedhas
Gozag
Hepliaklqana
Kikubaaqudgha
Makhleb
Nemelex Xobeh
Okawaru
Qazlal
Ru
Sif Muna
Trog
Uskayaw
Vehumet
Wu Jian
Xom
Yredelemnul
Zin
The Shining One

Annotations:
D:4 weapons behind stone


Innate Abilities, Weirdness & Mutations

You have a pair of horns on your head.
You reflexively headbutt those who attack you in melee.


Message History

The wraith hits you.
* * * LOW HITPOINT WARNING * * *
The wraith drains your vigour!
You feel as though you will be slow longer.
Josephine hits you but does no damage.
You are electrocuted!
* * * LOW HITPOINT WARNING * * *
You sock Josephine! You headbutt Josephine.
You kill Josephine!
Trog accepts your kill.
Trog appreciates your killing of a magic user.
The orc barely misses you. You furiously retaliate!
You headbutt the orc. The wraith hits you.
* * * LOW HITPOINT WARNING * * *
The human simulacrum hits you but does no damage.
Your life force feels restored.
You impale the kobold!!
You kill the kobold!
Trog accepts your kill. You block the orc's attack.
The wraith hits you but does no damage.
Unknown command.
You impale the human simulacrum!!
The human simulacrum vaporises!
Trog accepts your kill. The orc hits you but does no damage.
The wraith hits you!
* * * LOW HITPOINT WARNING * * *
Unknown command.
You hit the orc.
You feel the power of Trog in you as your rage grows.
You kill the orc!
Trog accepts your kill. The kobold closely misses you. You furiously retaliate!
You headbutt the kobold!
You kill the kobold!
Trog accepts your kill. The wraith hits you but does no damage.
You impale the kobold!!
You kill the kobold!
Trog accepts your kill.
The orc warrior hits you with a +0 dire flail!
You die...

#.......<#...##...)###$#
##.#.........#...... .
...........#.)...##°.
##.##...........## .☼ #.
#........<).#
#>...#.##.#..○§#
##.###.##.# .§##
#.#......## ...
#....!o@○.# )..
#....(..)W)......)
..................
.................
.................
.................
$...............
...$...........


You could see a wraith and an orc warrior.

Vanquished Creatures
  Josephine (D:11)
  Erolcha (D:10)
  A hydra (D:11)
  A centaur warrior (D:8)
  Urug (D:10)
  2 orc knights (Bailey)
  A deep elf pyromancer (D:10)
  A troll (D:10)
  2 hornets
  A vampire (D:10)
  11 yaks
  A wyvern (D:9)
  2 steam dragons
  6 wraiths
  Eustachio (D:5)
  Grum (D:11)
  An acid dragon (D:10)
  Duvessa (D:7)
  3 water moccasins
  7 orc warriors
  5 black bears
  2 sky beasts (D:5)
  2 ice beasts (D:5)
  3 centaurs
  3 wolves
  An ogre (D:5)
  2 kobold brigands
  2 bullfrogs
  2 scorpions (D:6)
  An elf zombie (Ossuary)
  Dowan (D:7)
  A killer bee (D:4)
  3 howler monkeys (D:7)
  5 centaur zombies
  5 hounds
  A human zombie (Ossuary)
  Crazy Yiuf (D:7)
  2 jellies
  3 orc priests
  2 gnoll shamans
  An iguana (D:5)
  7 orc wizards
  A killer bee zombie (D:9)
  2 human simulacra (D:11)
  2 hound skeletons
  3 mummies
  12 gnolls
  7 adders
  An adder zombie (Ossuary)
  A worm (D:3)
  2 dart slugs
  43 orcs
  9 endoplasms
  4 hobgoblins
  7 jackals
  2 quokkas
  3 ball pythons
  6 bats
  A frilled lizard (D:3)
  2 goblins (D:1)
  A goblin zombie (Ossuary)
  12 hobgoblin zombies (Ossuary)
  A jackal skeleton (D:4)
  A jackal zombie (Ossuary)
  23 kobolds
  9 kobold zombies
  11 orc zombies (Ossuary)
  6 rats
  A rat zombie (Ossuary)
274 creatures vanquished.

Vanquished Creatures (others)
  2 gnolls (D:8)
  An orc (D:11)
3 creatures vanquished.

Grand Total: 277 creatures vanquished

Notes
Turn   | Place    | Note
-------+----------+-------------------------------------------
     0 | D:1      | snetch the Minotaur Berserker began the quest for the Orb.
     0 | D:1      | Reached XP level 1. HP: 19/19 MP: 0/0
    62 | D:1      | Reached XP level 2. HP: 7/27 MP: 1/1
   951 | D:2      | Reached XP level 3. HP: 33/33 MP: 2/2
  1284 | D:2      | Reached XP level 4. HP: 13/41 MP: 3/3
  1631 | D:2      | Found a radiant altar of Vehumet.
  1660 | D:2      | You fall into a shaft and drop 1 floor!
  1687 | D:5      | Entered Level 5 of the Dungeon
  1696 | D:5      | Reached skill level 5 in Axes
  1696 | D:5      | Reached XP level 5. HP: 44/47 MP: 4/4
  1700 | D:4      | Reached ** piety under Trog
  1994 | D:4      | Found an opulent altar of Gozag.
  2219 | D:4      | Noticed a +0 spear
  2220 | D:4      | Noticed a +0 spear
  2221 | D:4      | Noticed a +0 falchion
  2222 | D:4      | Noticed a +0 short sword
  2222 | D:4      | Noticed a +0 dagger
  2222 | D:4      | Noticed a +0 falchion
  2222 | D:4      | Noticed a +0 dagger
  2224 | D:4      | Noticed a +0 short sword
  2237 | D:4      | Found a hide-covered altar of Uskayaw.
  2414 | D:2      | Reached XP level 6. HP: 50/54 MP: 5/5
  2836 | D:3      | Found a shimmering blue altar of Sif Muna.
  2916 | D:3      | Found a burning altar of Makhleb.
  3475 | D:3      | Found a bloodstained altar of Trog.
  3608 | D:3      | Found a glowing golden altar of the Shining One.
  3615 | D:3      | Found a sacrificial altar of Ru.
  3615 | D:3      | Found an iron altar of Okawaru.
  3624 | D:3      | Found a radiant altar of Vehumet.
  4325 | D:5      | Reached skill level 5 in Fighting
  4325 | D:5      | Reached skill level 1 in Maces & Flails
  4325 | D:5      | Reached skill level 5 in Armour
  4397 | D:5      | Noticed a hornet
  4406 | D:5      | Paralysed by a hornet for 1 turns
  4413 | D:5      | Killed a hornet
  4414 | D:5      | Reached skill level 2 in Maces & Flails
  4414 | D:5      | Reached XP level 7. HP: 9/61 MP: 6/6
  4493 | D:5      | Reached skill level 1 in Stealth
  4787 | D:5      | Reached skill level 3 in Maces & Flails
  4901 | D:5      | Reached skill level 5 in Dodging
  4959 | D:5      | Reached XP level 8. HP: 55/70 MP: 7/7
  5045 | D:5      | Noticed Eustachio
  5046 | D:5      | Reached *** piety under Trog
  5068 | D:5      | Reached skill level 4 in Maces & Flails
  5077 | D:5      | Killed Eustachio
  5241 | D:6      | Reached skill level 5 in Maces & Flails
  5563 | D:7      | Found a sand-covered staircase.
  5577 | Ossuary  | Entered an ossuary
  5759 | Ossuary  | Reached **** piety under Trog
  5775 | Ossuary  | Reached skill level 6 in Maces & Flails
  6061 | D:6      | Reached XP level 9. HP: 48/78 MP: 8/8
  6415 | D:6      | Found a snail-covered altar of Cheibriados.
  7038 | D:7      | Noticed Duvessa
  7038 | D:7      | Noticed Dowan
  7058 | D:7      | Killed Duvessa
  7059 | D:7      | Killed Dowan
  7103 | D:7      | Found a runed translucent door.
  7104 | D:7      | Noticed Crazy Yiuf
  7112 | D:7      | Killed Crazy Yiuf
  7114 | D:7      | Identified the +6 mace "Imarask" {venom, rC+ Str+4}
  7177 | D:7      | Found an ornate altar of the Wu Jian Council.
  7451 | D:7      | Found a staircase to the Ecumenical Temple.
  7954 | D:8      | Reached skill level 7 in Maces & Flails
  8025 | Temple   | Entered the Ecumenical Temple
  8607 | D:8      | Reached ***** piety under Trog
  8847 | D:8      | Reached XP level 10. HP: 81/86 MP: 9/9
  8856 | D:8      | Reached skill level 8 in Maces & Flails
  8934 | D:8      | Noticed a centaur warrior
  8935 | D:8      | Found a staircase to the Lair.
  8942 | D:8      | Killed a centaur warrior
  9739 | D:10     | Entered Level 10 of the Dungeon
  9763 | D:10     | Found a flagged portal.
  9784 | Bailey   | Entered a bailey
  9869 | Bailey   | Reached skill level 9 in Maces & Flails
  9984 | Bailey   | Reached skill level 1 in Polearms
 10182 | Bailey   | Noticed an orc knight
 10182 | Bailey   | Noticed an orc knight
 10339 | Bailey   | Reached skill level 1 in Throwing
 10724 | Bailey   | Killed an orc knight
 11030 | Bailey   | Killed an orc knight
 11377 | Bailey   | Identified the +4 mace of Abuse {antimagic, rF- Str+7}
 12386 | D:10     | Noticed Urug
 12395 | D:10     | Killed Urug
 12396 | D:10     | Reached XP level 11. HP: 78/94 MP: 10/10
 12528 | D:10     | Reached skill level 10 in Armour
 12716 | D:11     | Noticed a five-headed hydra
 12722 | D:11     | Received a gift from Trog
 12723 | D:11     | Noticed Grum
 12726 | D:11     | Killed a five-headed hydra
 12727 | D:11     | Reached skill level 10 in Maces & Flails
 12792 | D:11     | Killed Grum
 13014 | D:10     | Noticed Erolcha
 13021 | D:10     | Killed Erolcha
 13076 | D:10     | Reached skill level 11 in Maces & Flails
 13095 | D:10     | Noticed a deep elf pyromancer
 13100 | D:10     | Killed a deep elf pyromancer
 13554 | D:10     | Found a broken altar of Ashenzari.
 13607 | D:11     | Noticed Josephine
 13612 | D:11     | Identified the ring of Dowam {rC+ AC+4 Dex+5}
 13619 | D:11     | Killed Josephine
 13623 | D:11     | Slain by an orc warrior

Illustrated notes

Levels and vault maps discovered:
D:1:      roderic_octagonal_star, layout_basic, minmay_tetromino_i4
D:2:      layout_loops_ring, basic_altar, minmay_goblin_kobold_house
D:3:      layout_basic, mainiacjoe_overflow_six_doors_small,
          mainiacjoe_overflow_24_doors, trog_book, minitemple
D:4:      layout_basic, nicolae_uskayaw_en_pointe,
          nicolae_gozag_cash_rules_everything_around_me,
          minmay_manual_mandibuliform
D:5:      layout_rooms, st_stairs_6, uniq_eustachio
D:6:      layout_basic, kennysheep_slug_shrine
D:7:      layout_loops_ring, nicolae_wu_jian_wuxing_cycle,
          minmay_temple_entry_hall, nicolae_ossuary_entry_giza,
          uniq_crazy_yiuf_cottage, uniq_duvessa
D:8:      layout_basic, lair_entry_dummy, amcnicky_mini_pool_small
D:9:      layout_irregular_city
D:10:     layout_long_grid, marbit_many_paths, enter_bailey_8, uniq_urug,
          uniq_erolcha
D:11:     layout_rooms, orc_david_3, solitary_fountain, bh_circular_ruins,
          uniq_grum, uniq_josephine
Temple:   compressed_dpeg_circular_temple

Skill      XL: |  1  2  3  4  5  6  7  8  9 10 11 |
---------------+----------------------------------+-----
Fighting       | 4 5 6 7 8 9 |  9.9
Axes           | 4 5 6 8 |  8.6
Armour         | 3 4 5 6 8 9 10 | 10.8
Dodging        | 3 4 5 6 8 9 |  9.4
Maces & Flails | 2 3 6 7 9 11 | 11.8
Stealth        | 1 2 |  2.4
Polearms       | 4 |  4.2
Throwing       | 4 |  4.4

Action                   |  1- 3 |  4- 6 |  7- 9 | 10-12 || total
-------------------------+-------+-------+-------+-------++-------
Melee: Hand axe          |    52 |    46 |    92 |       ||   190
       Headbutt          |     8 |    15 |    87 |    47 ||   157
       Whip              |       |    63 |   151 |       ||   214
       Mace              |       |       |    96 |    95 ||   191
       Trident           |       |       |       |   125 ||   125
       Eveningstar       |       |       |       |   111 ||   111
Throw: Stone             |       |       |       |    99 ||    99
Invok: Berserk           |     1 |     4 |     1 |     4 ||    10
Armor: Animal skin       |     9 |       |       |       ||     9
       Ring mail         |     4 |    46 |   148 |    36 ||   234
       Scale mail        |       |     6 |       |       ||     6
       Crystal plate arm |       |       |       |   168 ||   168
Dodge: Dodged            |    50 |    74 |   163 |   165 ||   452
Block: Buckler           |       |       |       |     2 ||     2
